 Dungeon Crawl Stone Soup version 0.29.1-1-gd02db6906a (webtiles) character file.

Game seed: 5783304443026092116

28 Ashen the Firebug (level 3, 25/25 HPs)
             Began as a Demonspawn Fire Elementalist on Oct 12, 2022.
             Got out of the dungeon alive.
             The game lasted 00:02:51 (1194 turns).

Ashen the Firebug (Demonspawn Fire Elementalist)    Turns: 1194, Time: 00:02:51

Health: 25/25      AC:  3    Str:  8    XL:     3   Next: 0%
Magic:  6/6        EV: 12    Int: 18    God:
Gold:   45         SH:  4    Dex: 13    Spells: 3/6 levels left

rFire   . . .      SeeInvis .   e - +0 short sword
rCold   . . .      Faith    .   (no shield)
rNeg    . . .      Spirit   .   a - +0 robe
rPois   .          Reflect  .   (no helmet)
rElec   .          Harm     .   d - +0 cloak
rCorr   .          Rampage  .   (no gloves)
Will    .....                   (no boots)
Stlth   ++........              (no amulet)
HPRegen 0.08/turn               (no ring)
MPRegen 0.10/turn               (no ring)

@: no status effects
A: foul stench 1, condensation shield
a: no special abilities


You escaped.
You visited 1 branch of the dungeon, and saw 2 of its levels.

You collected 45 gold pieces.

Inventory:

Hand Weapons
 e - a +0 short sword (weapon)
Armour
 a - a +0 robe (worn)
 d - a +0 cloak (worn)
Scrolls
 f - 2 scrolls of identify {unknown}
 g - a scroll of immolation
 i - 2 scrolls of torment {unknown}
Potions
 b - a potion of magic
 c - a potion of degeneration {unknown}
 h - a potion of attraction {unknown}
 j - a potion of berserk rage {unknown}


   Skills:
 + Level 0.5 Fighting
 + Level 2.0 Dodging
 + Level 2.0 Stealth
 * Level 2.3 Spellcasting
 * Level 1.6 Conjurations
 * Level 3.0 Fire Magic


You had 3 spell levels left.
You knew the following spells:

 Your Spells              Type           Power      Damage    Failure   Level
a - Foxfire               Conj/Fire      40%        2x1d6     7%          1
b - Scorch                Fire           24%        2d6       8%          2

Your spell library contained the following spells:

 Spells                   Type           Power      Damage    Failure   Level
 Freeze                   Ice            8%         1d3       19%         1
 Conjure Flame            Conj/Fire      10%        6-21      21%         3
 Ensorcelled Hibernation  Hex/Ice        4%         N/A       26%         2
 Passwall                 Tmut/Erth      1%         N/A       26%         2
 Inner Flame              Hex/Fire       7%         N/A       28%         3
 Frozen Ramparts          Ice            4%         1d1       47%         3
 Swiftness                Air            2%         N/A       47%         3
 Flame Wave               Conj/Fire      10%        2d6       56%         4
 Hailstorm                Conj/Ice       5%         3d4       77%         4


Dungeon Overview and Level Annotations

Branches:
Dungeon (2/15)

Altars:


Innate Abilities, Weirdness & Mutations

You may rarely emit foul miasma when damaged in melee.
A meltable shield of frost defends you. (SH +4)


Message History

The sling bullet hits you.
* * * LOW HITPOINT WARNING * * *
The foxfire hits the goblin.
You kill the goblin!
Your foxfire dissipates!
Your magical contamination has completely faded away.
Magic restored.
An adder comes into view.
Casting: Foxfire (safe; 9% risk of failure)
Confirm with . or Enter, or press ? or * to list all spells.
You conjure some foxfire!
The adder hisses angrily.
The foxfire hits the adder.
The adder is heavily wounded.
The foxfire hits the adder but does no damage.
The adder is heavily wounded.
Casting: Foxfire (safe; 9% risk of failure)
Confirm with . or Enter, or press ? or * to list all spells.
You conjure some foxfire!
The foxfire hits the adder.
The adder is almost dead.
The foxfire hits the adder.
You kill the adder!
Your Dodging skill increases to level 2!
Your Stealth skill increases to level 2!
Your Fire Magic skill increases to level 3!
You have reached level 3!
Your experience leads to an increase in your attributes!
Increase (S)trength, (I)ntelligence, or (D)exterity?
You feel clever. x2; Your demonic ancestry asserts itself...
Frost condenses into a shield before you.
There is a stone staircase leading up here.
You climb upwards.
There is a stone staircase leading down here.
HP restored.
Magic restored.
There is a large open door here.
There is a staircase leading out of the dungeon here.
Are you sure you want to leave the Dungeon?
This will make you lose the game!
You have escaped!

.##........#######.............##
.#.....P...## ##............#
.#.....♣...#P#######...........#
.........♣.#♣.'.P###..##...###.#
........♣P.#.P#.♣P###....#.###.##
...........####..P####.###..##..#
...........P.#P..P#♣P#.# ##.###..
......P......'...♣#P.'.###......#
...##..♣.♣...'..@P#P.§..........#
...###.P.P...#...♣#♣P#.###.......
...#.......####..♣####.# #...>..#
..##.......#P.#.PP###.## ####.###
.........♣.#..'.P###..#######.#..
.......♣...#♣#######............#
..####.♣P.P# ##.........##.## ..#
#....P#######.........##...# ..#
#....###..............#..~..


There were no monsters in sight!

Vanquished Creatures
  An adder (D:2)
  A dart slug (D:1)
  3 endoplasms (D:1)
  A giant cockroach (D:1)
  3 jackals (D:1)
  A quokka (D:1)
  2 bats (D:1)
  A frilled lizard (D:1)
  A goblin (D:2)
  A kobold (D:1)
  2 rats (D:1)
17 creatures vanquished.

Vanquished Creatures (others)
  44 foxfires
44 creatures vanquished.

Grand Total: 61 creatures vanquished

Notes
Turn   | Place    | Note
-------+----------+-------------------------------------------
     0 | D:1      | Ashen the Demonspawn Fire Elementalist began the quest for
                  | the Orb.
     0 | D:1      | Reached XP level 1. HP: 13/13 MP: 3/3
   124 | D:1      | Found a faded altar of an unknown god.
   365 | D:1      | Gained mutation: You may rarely emit foul miasma when
                  | damaged in melee. [demonic ancestry]
   365 | D:1      | Reached XP level 2. HP: 19/19 MP: 1/5
   751 | D:1      | Learned a level 2 spell: Scorch
  1157 | D:2      | Reached skill level 3 in Fire Magic
  1157 | D:2      | Gained mutation: A meltable shield of frost defends you.
                  | (SH +4) [demonic ancestry]
  1157 | D:2      | Reached XP level 3. HP: 23/25 MP: 3/6
  1194 | D:$      | Got out of the dungeon alive.

Illustrated notes

Levels and vault maps discovered:
D:1:      denvon_arrival_planthouse, layout_rooms,
          hellmonk_ecumenical_altar_blasted, amcnicky_mini_pool_small,
          minmay_misc_feat_square
D:2:      layout_loops_ring, grunt_ministairs_15,
          chequers_serial_rivers_small_3, uniq_sigmund, uniq_terence

Skill      XL: |  1  2 |
---------------+-------+-----
Dodging        | 2 |  2.0
Stealth        | 2 |  2.0
Fire Magic     | 3 |  3.0
Fighting       | |  0.5
Spellcasting   | |  2.3
Conjurations   | |  1.6

Action                   || total
-------------------------++-------
Melee: Unarmed           ||     5
       Short sword       ||     4
 Cast: Foxfire           ||    27
 Stab: Sleeping          ||     1
Armor: Robe              ||     2
Dodge: Dodged            ||     9
